 Dungeon Crawl Stone Soup version 0.30.1-9-gdf580d7c3d (webtiles) character file.

Game seed: 7954718140626049241

716 monsoonserge the Covered (level 7, -1/78 HPs)
             Began as a Demonspawn Warper on Oct 25, 2023.
             Succumbed to Edmund's poison
             ... on level 5 of the Dungeon.
             The game lasted 00:17:12 (4072 turns).

monsoonserge the Covered (Demonspawn Warper)        Turns: 4072, Time: 00:17:13

Health: -1/78      AC: 23    Str: 11    XL:     7   Next: 41%
Magic:  4/10       EV:  2    Int: 16    God:
Gold:   149        SH:  0    Dex: 13    Spells: 8/10 levels left

rFire   . . .        q - +0 rapier
rCold   + . .        (no shield)
rNeg    . . .        n - melded +0 ring mail
rPois   +            (helmet currently unavailable)
rElec   .            (cloak currently unavailable)
rCorr   .            (gloves currently unavailable)
SInv    +            r - melded +0 pair of boots
Will    .....        s - amulet of guardian spirit
Stlth   +            x - ring of see invisible
HPRegen 0.33/turn    j - ring of protection from cold
MPRegen 0.12/turn

%: guardian spirit
@: lethally poisoned (-1 -> -17), tree-form, on blink cooldown
A: stationary, stasis, torment immunity, boosted hp, (horns 1), foul stench 1,
(sharp scales 1)
a: no special abilities


You were on level 5 of the Dungeon.
You were a tree.
You visited 1 branch of the dungeon, and saw 6 of its levels.

You collected 269 gold pieces.
You spent 120 gold pieces at shops.

Inventory:

Hand Weapons
 a - a +0 falchion
 g - a +0 short sword
 q - a +0 rapier (weapon)
 u - a +0 sling
Missiles
 d - 6 boomerangs of dispersal
 p - 3 javelins (quivered)
 v - 2 throwing nets
Armour
 b - a +0 leather armour
 n - a +0 ring mail (melded)
 r - a +0 pair of boots (melded)
Jewellery
 e - a ring of flight
 j - a ring of protection from cold (right branch)
 m - an amulet of magic regeneration
 s - an amulet of guardian spirit (around neck)
 t - a ring of protection from cold
 x - a ring of see invisible (left branch)
Scrolls
 c - a scroll of blinking
 h - 2 scrolls of enchant armour
 i - 5 scrolls of teleportation
 k - 3 scrolls of amnesia {unknown}
 o - 2 scrolls of magic mapping
 w - a scroll of silence
 y - 2 scrolls of enchant weapon {unknown}
 B - a scroll of vulnerability {unknown}
 E - a scroll of noise {unknown}
Potions
 f - 5 potions of mutation {unknown}
 z - a potion of berserk rage
 A - a potion of resistance
 C - a potion of lignification
 D - a potion of might
 F - 2 potions of flight {unknown}


   Skills:
 + Level 3.1 Fighting
 + Level 3.0(3.3) Short Blades
 - Level 1.9(2.7) Long Blades
 + Level 1.2 Throwing
 + Level 5.4 Armour
 + Level 2.8 Dodging
 - Level 2.0 Spellcasting
 * Level 3.2 Translocations


You had 8 spell levels left.
You knew the following spells:

 Your Spells              Type           Power      Damage    Failure   Level
a - Blink                 Tloc           22%        N/A       9%          2

Your spell library contained the following spells:

 Spells                   Type           Power      Damage    Failure   Level
 Lesser Beckoning         Tloc           22%        N/A       9%          2
 Teleport Other           Tloc           11%        N/A       17%         3
 Cigotuvi's Dreadful Rot  Necr/Pois/Air  2%         N/A       30%         2
 Poisonous Vapours        Pois/Air       2%         N/A       30%         2
 Vhi's Electric Charge    Tloc/Air       12%        N/A       32%         3
 Manifold Assault         Tloc           11%        N/A       50%         4
 Ignite Poison            Fire/Tmut/Pois 1%         N/A       52%         3
 Inner Flame              Hex/Fire       1%         N/A       52%         3
 Mephitic Cloud           Conj/Pois/Air  1%         N/A       52%         3
 Flame Wave               Conj/Fire      1%         2d4       90%         4
 Sticky Flame             Conj/Fire      1%         2d3       90%         4
 Freezing Cloud           Conj/Ice/Air   0%         6-21      99%         5


Dungeon Overview and Level Annotations

Branches:
Dungeon (6/15)
 Temple: D:4-7

Altars:

Shops:
D:5 =   D:6 !?

Annotations:
D:4 1 runed translucent door, Crazy Yiuf, Pikel
D:5 Edmund
D:6 Maggie


Innate Abilities, Weirdness & Mutations

You are a tree.
Your roots penetrate the ground, keeping you stationary.
You cannot be teleported.
You are immune to unholy pain and torment.
Your maximum health is greatly increased.
Your equipment is partially melded.
((You have a pair of small horns on your head.))
You may rarely emit foul miasma when damaged in melee.
((You are partially covered in razor-sharp scales. (AC +1, Slay +1)))


Message History

Edmund is moderately wounded.
You feel very sick. Edmund hits you but does no damage.
You are more poisoned.
You hit Edmund but do no damage. You headbutt Edmund.
Edmund is moderately wounded.
You feel very sick. Edmund closely misses you.
You hit Edmund.
Edmund is heavily wounded.
You feel very sick. Edmund barely misses you.
You hit Edmund. Your headbutt misses Edmund.
Edmund is heavily wounded.
You feel sick.
Edmund hits you with a +1 flail of venom.
You are more poisoned.
You hit Edmund but do no damage. You headbutt Edmund.
Edmund is heavily wounded.
* * * LOW HITPOINT WARNING * * *
You feel very sick.
Edmund hits you with a +1 flail of venom.
* * * LOW HITPOINT WARNING * * *
You are more poisoned.
Casting: Blink (safe; 19% risk of failure)
Confirm with . or Enter, or press ? or * to list all spells.
You blink.
* * * LOW HITPOINT WARNING * * *
You feel very sick.
Okay, then.
Really quaff the potion of lignification?
You turn into a tree.
Your +0 pair of boots melds into your body.
Your +0 ring mail melds into your body.
Your roots penetrate the ground.
* * * LOW HITPOINT WARNING * * *
You feel very sick.
You are lethally poisoned (3 -> -14).
You are a tree.
You are unable to blink.
Your movement speed is average.
Your attack delay is about 1.0.
Your damage rating with your +0 rapier is about 8 (Base 7 x 107% (Dex) x 111% (Skill)).
You die...

##(## #....................#
##.#######..#.#..##..##.#.####.#
..(....((.. #.#..#...##.#.# .#
......(######.#..#..<##.#.#
........@.....#..#@÷###.#.#
.#.#(#.######.#..#..###.#.#
.#........................#
.#.#.#.########...........#
.#.#(#.# #.♣#..###.###
##.#.#.########..#..# #.#
#................#..# #.#
##.#.#.########..#..###.######
##...................).....[<#
........................######
..........................
####.#..............#######
.....################


You could see Edmund.

Vanquished Creatures
  Prince Ribbit (D:5)
  A lemure (D:4)
  A bullfrog (D:6)
  2 scorpions (D:4)
  A howler monkey (D:5)
  A jelly (D:4)
  A hound (D:6)
  An orc wizard (D:5)
  A sleepcap (D:4)
  Ijyb (D:5)
  2 adders
  5 gnolls
  A white imp (D:6)
  A worm (D:2)
  A dart slug (D:2)
  7 orcs
  7 endoplasms
  6 giant cockroaches
  8 goblins
  7 hobgoblins
  2 jackals (D:3)
  2 quokkas
  6 ball pythons
  6 bats
  5 frilled lizards
  2 kobolds (D:2)
  3 rats
82 creatures vanquished.

Notes
Turn   | Place    | Note
-------+----------+-------------------------------------------
     0 | D:1      | monsoonserge the Demonspawn Warper began the quest for the
                  | Orb.
     0 | D:1      | Reached XP level 1. HP: 16/16 MP: 3/3
   248 | D:1      | Reached skill level 1 in Armour
   402 | D:1      | Gained mutation: You have a pair of small horns on your
                  | head. [demonic ancestry]
   402 | D:1      | Reached XP level 2. HP: 18/22 MP: 5/5
   405 | D:1      | Learned a level 2 spell: Blink
  1023 | D:2      | Gained mutation: You are partially covered in razor-sharp
                  | scales. (AC +1, Slay +1) [demonic ancestry]
  1023 | D:2      | Reached XP level 3. HP: 22/27 MP: 6/6
  1453 | D:3      | Found a faded altar of an unknown god.
  1724 | D:3      | Reached skill level 2 in Armour
  1756 | D:2      | Reached skill level 1 in Short Blades
  1756 | D:2      | Reached XP level 4. HP: 22/34 MP: 5/7
  2329 | D:4      | Noticed an ogre
  2369 | D:5      | Entered Level 5 of the Dungeon
  2445 | D:5      | Noticed an ogre
  2560 | D:5      | Reached XP level 5. HP: 39/39 MP: 8/8
  2680 | D:5      | Reached skill level 3 in Armour
  2690 | D:6      | Found Zijihob's Distillery.
  2690 | D:6      | Found Xoepusutt's Magic Scroll Shoppe.
  2718 | D:6      | Bought a potion of lignification for 45 gold pieces
  2718 | D:6      | Bought a potion of might for 60 gold pieces
  2718 | D:6      | Bought a potion of degeneration for 15 gold pieces
  2820 | D:6      | Noticed Maggie
  2821 | D:6      | Reached XP level 6. HP: 24/46 MP: 6/9
  2933 | D:6      | Reached skill level 4 in Armour
  2990 | D:5      | Found Wiskom's Jewellery Shoppe.
  3071 | D:5      | Noticed Edmund
  3075 | D:5      | Noticed Ijyb
  3081 | D:5      | Noticed Prince Ribbit
  3090 | D:5      | HP: 2/46 [Prince Ribbit (7)]
  3110 | D:5      | Killed Prince Ribbit
  3111 | D:5      | Reached skill level 1 in Throwing
  3111 | D:5      | Reached skill level 5 in Armour
  3111 | D:5      | Gained mutation: You may rarely emit foul miasma when
                  | damaged in melee. [demonic ancestry]
  3111 | D:5      | Reached XP level 7. HP: 8/51 MP: 2/10
  3410 | D:4      | Found a runed translucent door.
  3411 | D:4      | Noticed Crazy Yiuf
  3764 | D:4      | Noticed Pikel
  3907 | D:5      | Killed Ijyb
  4071 | D:5      | HP: 3/78 [poisoned by Edmund]
  4072 | D:5      | Succumbed to Edmund's poison

Illustrated notes

Levels and vault maps discovered:
D:1:      dpeg_arrival_tiny_i, layout_rooms
D:2:      layout_rooms, minmay_tetromino_t4
D:3:      layout_basic, hellmonk_ecumenical_altar_slurped_away
D:4:      layout_basic, uniq_crazy_yiuf_cottage, uniq_pikel
D:5:      nicolae_cairo_tiling_large_dashed, layout_basic,
          minmay_shop_enchanted_jewellery, uniq_prince_ribbit1, uniq_ijyb,
          uniq_edmund
D:6:      layout_basic, general_overflow_altar, minmay_temple_entry_poolview,
          serial_shops, nicolae_shop_tiny_waterfront, grunt_decor_clamped,
          nicolae_stop_n_shop_2, minivault_5, kennysheep_potato, uniq_maggie,
          uniq_duvessa, uniq_eustachio

Skill      XL: |  1  2  3  4  5  6  7 |
---------------+----------------------+-----
Armour         | 1 2 3 5 |  5.4
Dodging        | 2 |  2.8
Translocations | 3 |  3.2
Short Blades   | 1 2 3 |  3.0
Throwing       | 1 |  1.2
Fighting       | 3 |  3.1
Long Blades    | |  1.9
Spellcasting   | |  2.0

Action                     |  1- 3 |  4- 6 |  7- 9 || total
---------------------------+-------+-------+-------++-------
  Melee: Falchion          |    72 |       |       ||    72
         Rapier            |    96 |   125 |    88 ||   309
         Headbutt          |    19 |    25 |    21 ||    65
         Punch             |       |     1 |     1 ||     2
  Throw: Dart              |       |     8 |       ||     8
         Boomerang         |       |     1 |       ||     1
   Cast: Blink             |       |     2 |     4 ||     6
    Use: Scroll            |       |     7 |     2 ||     9
         Potion            |       |       |     2 ||     2
 Armour: Leather armour    |     9 |       |       ||     9
         Ring mail         |    72 |    38 |    28 ||   138
  Dodge: Dodged            |   103 |    71 |    37 ||   211
